 Dungeon Crawl Stone Soup version 0.29.0-11-gd7f09526c8 (webtiles) character file.

Game seed: 2226931889692467845

968 inmateoo the Slasher (level 7, -6/55 HPs)
             Began as a Mummy Gladiator on Sept 4, 2022.
             Constricted to death by Edmund (7 damage)
             ... on level 4 of the Dungeon.
             The game lasted 00:05:26 (5969 turns).

inmateoo the Slasher (Mummy Gladiator)              Turns: 5969, Time: 00:05:27

Health: -6/55      AC:  6    Str: 19    XL:     7   Next: 93%
Magic:  7/7        EV: 10    Int:  7    God:
Gold:   203        SH:  0    Dex: 14    Spells: 6/6 levels left

rFire   x . .      SeeInvis .   a - +1 long sword
rCold   + . .      Faith    .   (no shield)
rNeg    + + +      Spirit   .   b - +0 leather armour
rPois   ∞          Reflect  .   c - +0 helmet
rElec   .          Harm     .   h - +1 cloak {Will+}
rCorr   .          Rampage  .   (no gloves)
Will    +....                   (no boots)
Stlth   +.........              (no amulet)
HPRegen 0.18/turn               (no ring)
MPRegen 0.10/turn               (no ring)

@: grasped by roots, constricted
A: cold resistance 1, negative energy resistance 3, torment resistance 2, heat
vulnerability 1, in touch with death 1, no potions
a: no special abilities


You were on level 4 of the Dungeon.
You visited 1 branch of the dungeon, and saw 5 of its levels.

You collected 203 gold pieces.

Inventory:

Hand Weapons
 a - a +1 long sword (weapon)
Missiles
 e - 4 javelins
Armour
 b - a +0 leather armour (worn)
 c - a +0 helmet (worn)
 h - a +1 cloak of willpower (worn)
Wands
 j - a wand of paralysis (4) (quivered)
Scrolls
 f - 4 scrolls of enchant weapon
 g - a scroll of teleportation
 i - 2 scrolls of amnesia
 k - a scroll of poison


   Skills:
 + Level 4.4 Fighting
 * Level 5.4 Long Blades
 - Level 1.5 Throwing
 + Level 3.0 Armour
 + Level 4.1 Dodging


You had 6 spell levels left.
You didn't know any spells.
Your spell library contained the following spells:

 Spells                   Type           Power      Damage    Failure   Level
 Sandblast                Erth           0%         2d4       50%         1
 Ensorcelled Hibernation  Hex/Ice        0%         N/A       63%         2
 Passwall                 Tmut/Erth      0%         N/A       63%         2
 Gell's Gravitas          Tloc           0%         N/A       86%         3
 Lesser Beckoning         Tloc           0%         N/A       86%         3
 Stone Arrow              Conj/Erth      0%         3d7       86%         3
 Swiftness                Air            0%         N/A       86%         3
 Teleport Other           Tloc           0%         N/A       86%         3
 Alistair's Intoxication  Tmut/Pois      0%         N/A       100%        5
 Borgnjor's Vile Clutch   Necr/Erth      0%         N/A       100%        5
 Eringya's Noxious Bog    Tmut/Pois      0%         N/A       100%        6


Dungeon Overview and Level Annotations

Branches:
Dungeon (5/15)
 Temple: D:4-7

Altars:

Shops:
D:1 :

Annotations:
D:4 3 runed translucent doors, Edmund; ILmort's ghost, amateur DsMo


Innate Abilities, Weirdness & Mutations

You are immune to poison.
Your flesh is cold resistant. (rC+)
You are immune to negative energy. (rN+++)
You are immune to unholy pain and torment.
You are vulnerable to heat. (rF-)
You are in touch with the powers of death.
You do not drink.


Message History

Edmund is heavily wounded.
You are too injured to fight recklessly!
The helpless Edmund fails to defend himself.
You hit Edmund but do no damage.
Edmund is heavily wounded.
The helpless Edmund fails to defend himself.
You hit Edmund but do no damage.
Edmund is heavily wounded.
You are too injured to fight recklessly!
The helpless Edmund fails to defend himself.
You hit Edmund but do no damage.
Edmund is heavily wounded.
You are too injured to fight recklessly!
The helpless Edmund fails to defend himself.
You hit Edmund but do no damage.
Edmund is heavily wounded.
The helpless Edmund fails to defend himself.
You hit Edmund but do no damage.
Edmund is heavily wounded.
Edmund is no longer paralysed.
Edmund zaps a wand.
The roots erupt in riotous growth!
The grasping roots grab you!
Edmund is unaffected.
The grasping roots constrict you.
* * * LOW HITPOINT WARNING * * *
You are too injured to fight recklessly!
You hit Edmund.
Edmund is heavily wounded.
Edmund hits you with a +4 dire flail of protection!
* * * LOW HITPOINT WARNING * * *
The grasping roots constrict you.
The grasping roots release their grip on you.
You are too injured to fight recklessly!
You slash Edmund!
Edmund is severely wounded.
Edmund zaps a wand.
The roots erupt in riotous growth!
The grasping roots grab you!
Edmund is unaffected.
The grasping roots constrict you.
* * * LOW HITPOINT WARNING * * *
Edmund closely misses you. The grasping roots constrict you!
You die...

#.# ### # #. #(. ..
# #.# #.#. ##.## #..
##...## #####.
#.....#########.....
#..@..........#.###.
#..@..#######.#.###.
##...## #........
##.## ####.##.###.
#.# #.......# #. #.#
#.......# #.
###.#####.......##.>
#...............#...
#.#######.......#...
#.# ##.......#[..


You could see Edmund.

Vanquished Creatures
  Sigmund (D:3)
  2 ice beasts (D:4)
  A phantom (D:4)
  A bullfrog (D:4)
  A necrophage (D:3)
  3 orc priests (D:4)
  2 jellies (D:4)
  2 iguanas (D:4)
  2 orc wizards (D:4)
  4 gnolls
  3 adders
  4 worms
  3 dart slugs
  9 orcs
  10 ball pythons
  6 endoplasms
  3 giant cockroaches
  6 goblins
  3 hobgoblins
  4 jackals (D:1)
  12 kobolds
  5 quokkas
  4 bats
  2 frilled lizards
  6 rats
99 creatures vanquished.

Vanquished Creatures (others)
  2 fungi (D:4)
  3 plants
5 creatures vanquished.

Grand Total: 104 creatures vanquished

Notes
Turn   | Place    | Note
-------+----------+-------------------------------------------
     0 | D:1      | inmateoo the Mummy Gladiator began the quest for the Orb.
     0 | D:1      | Reached XP level 1. HP: 16/16 MP: 1/1
     2 | D:1      | Noticed a demonspawn
     2 | D:1      | Noticed a demigod
     4 | D:1      | Noticed an elf
     4 | D:1      | Noticed a vine stalker
     6 | D:1      | Noticed a ghoul
     6 | D:1      | Noticed a vampire
     8 | D:1      | Noticed a palentonga
     8 | D:1      | Noticed a minotaur
    10 | D:1      | Noticed an octopode
    10 | D:1      | Noticed a gargoyle
    12 | D:1      | Noticed a tengu
    14 | D:1      | Noticed a merfolk
    14 | D:1      | Noticed a formicid
    16 | D:1      | Noticed a draconian
    16 | D:1      | Noticed a meteoran
    18 | D:1      | Noticed a troll
    18 | D:1      | Noticed an ogre
    20 | D:1      | Noticed a spriggan
    22 | D:1      | Noticed a naga
    24 | D:1      | Noticed a demigod
    24 | D:1      | Noticed a felid
    26 | D:1      | Noticed a tengu
    31 | D:1      | Found Buuposs's Book Emporium.
   280 | D:1      | Reached XP level 2. HP: 10/22 MP: 2/2
   526 | D:1      | Found a faded altar of an unknown god.
   554 | D:1      | HP: 1/22 [jackal (3)]
  1308 | D:1      | Gained mutation: You are in touch with the powers of death.
                  | [Mummy growth]
  1308 | D:1      | Reached XP level 3. HP: 28/28 MP: 3/3
  1556 | D:2      | Reached skill level 3 in Long Blades
  1897 | D:2      | Reached skill level 1 in Armour
  2136 | D:2      | Reached XP level 4. HP: 34/34 MP: 4/4
  2610 | D:3      | Noticed a necrophage
  2726 | D:3      | Killed a necrophage
  2727 | D:3      | Reached XP level 5. HP: 26/40 MP: 5/5
  2928 | D:3      | Noticed Sigmund
  3487 | D:3      | Killed Sigmund
  3488 | D:3      | Reached skill level 4 in Long Blades
  3488 | D:3      | Reached XP level 6. HP: 38/47 MP: 6/6
  4025 | D:4      | Found a runed translucent gate.
  4025 | D:4      | Found a runed translucent gate.
  4332 | D:4      | Found a runed translucent gate.
  4333 | D:4      | Noticed ILmort's ghost (amateur DsMo)
  4938 | D:4      | Reached XP level 7. HP: 24/53 MP: 7/7
  5315 | D:4      | Reached skill level 5 in Long Blades
  5614 | D:4      | You fall into a shaft and drop 1 floor!
  5614 | D:5      | Entered Level 5 of the Dungeon
  5939 | D:4      | Noticed Edmund
  5969 | D:4      | HP: 1/55 [constriction (4)]
  5969 | D:4      | Constricted to death by Edmund

Illustrated notes

Levels and vault maps discovered:
D:1:      kb_arrival_jail, layout_basic, serial_shops, nicolae_shop_waterfront,
          hellmonk_ecumenical_altar_leap_of_faith, columned_hall_lemuel,
          minivault_26
D:2:      layout_rooms
D:3:      layout_loops_cross, uniq_sigmund
D:4:      cheibrodos_barr_body, layout_loops_ring,
          gammafunk_ghost_nasty_kobolds, nrook_mini_backslash,
          minmay_manual_macuahuitl, uniq_edmund
D:5:      layout_cave_pools, nicolae_ru_great_annihilating_truth,
          grunt_temple_overflow_diamond, mainiacjoe_overflow_brackets,
          minmay_temple_entry_waves, serial_bayou_lake_a

Skill      XL: |  1  2  3  4  5  6  7 |
---------------+----------------------+-----
Long Blades    | 3 4 5 |  5.4
Armour         | 1 2 3 |  3.0
Dodging        | 3 4 |  4.1
Fighting       | 3 4 |  4.4
Throwing       | |  1.5

Action                   |  1- 3 |  4- 6 |  7- 9 || total
-------------------------+-------+-------+-------++-------
Melee: Long sword        |   122 |   154 |   114 ||   390
       Punch             |     2 |     1 |     2 ||     5
Throw: Throwing net      |     2 |     1 |     3 ||     6
Evoke: Wand              |       |       |     2 ||     2
  Use: Scroll            |     6 |     3 |       ||     9
 Stab: Sleeping          |     1 |       |     1 ||     2
       Held in net/web   |       |     2 |     1 ||     3
       Paralysed         |       |       |    10 ||    10
Armor: Leather armour    |    51 |    65 |    32 ||   148
Dodge: Dodged            |   123 |   122 |    60 ||   305
